 Dungeon Crawl Stone Soup version 0.26-a0-818-g75db068ed4 (webtiles) character file.

Game seed: 15308588931598786378

100 marklar909 the Insei (level 4, -6/35 HPs)
             Began as a Draconian Transmuter on Nov 14, 2020.
             Killed by divine providence
             ... invoked by an orc priest
              (10 damage)
             ... on level 3 of the Dungeon.
             The game lasted 00:03:02 (3189 turns).

marklar909 the Insei (Draconian Transmuter)         Turns: 3189, Time: 00:03:02

Health: -6/35      AC:  5    Str: 12    XL:     4   Next: 46%
Magic:  7/8        EV: 12    Int: 14    God:
Gold:   182        SH:  0    Dex: 12    Spells: 2/8 levels left

rFire    . . .     SeeInvis .     - Unarmed
rCold    . . .     Faith    .   (no shield)
rNeg     . . .     Spirit   .   (armour unavailable)
rPois    .         Reflect  .   (helmet currently unavailable)
rElec    .         Harm     .   (no cloak)
rCorr    .         Rampage  .   (no gloves)
MR       .....                  (boots currently unavailable)
Stlth    +.........             (no amulet)
HPRegen  0.11/turn              (no ring)
MPRegen  0.11/turn              (no ring)

@: appendages (expiring)
A: unfitting armour, horns 2, talons 2, cold-blooded, AC +5
a: End Transformation


You were on level 3 of the Dungeon.
You had grown temporary horns.
You had grown temporary talons.
You visited 1 branch of the dungeon, and saw 3 of its levels.

You collected 182 gold pieces.

Inventory:

Armour
 h - a +0 kite shield
Jewellery
 b - an uncursed ring of protection from cold {unknown}
Scrolls
 a - a scroll of fog {unknown}
 c - 2 scrolls of identify {unknown}
 d - 2 scrolls of teleportation {unknown}
 e - a scroll of immolation {unknown}
 f - 2 scrolls of remove curse {unknown}
 i - a scroll of magic mapping {unknown}
Potions
 g - 2 potions of flight {unknown}


   Skills:
 * Level 1.4 Fighting
 * Level 2.3 Dodging
 + Level 0.2 Stealth
 * Level 0.6 Shields
 + Level 3.6 Unarmed Combat
 - Level 2.7 Spellcasting
 * Level 2.9 Transmutations


You had 2 spell levels left.
You knew the following spells:

 Your Spells              Type           Power        Failure   Level
a - Beastly Appendage     Tmut           ##....       7%          1
b - Wereblood             Tmut           ##......     10%         2
c - Spider Form           Tmut/Pois      #.........   34%         3

Your spell library contained the following spells:

 Spells                   Type           Power        Failure   Level
 Ice Form                 Ice/Tmut       #.......     77%         4
 Blade Hands              Tmut           ##........   88%         5


Dungeon Overview and Level Annotations

Branches:
Dungeon (3/15)

Altars:
Gozag
The Shining One


Innate Abilities, Weirdness & Mutations

Your plain brown scales are hard. (AC +5)
You cannot fit into any form of body armour.
You are cold-blooded and may be slowed by cold attacks.
You have a pair of horns on your head.
You have razor-sharp toenails.


Message History

The orc wizard flickers and vanishes!
Deactivating autopickup; reactivate with Ctrl-A.
Unknown command.
You miss something. Your kick misses something. Something hits you.
* * * LOW HITPOINT WARNING * * *
Unknown command.
The orc priest invokes the aid of Beogh against you.
There is an open door here.
An orc priest is nearby!
An orc priest is nearby!
Your primal bloodlust has ended.
The orc priest calls down the wrath of Beogh upon you.
Something writhes in agony!
Reactivating autopickup.
You feel a bit more experienced.
Your transformation is almost over.
An orc priest is nearby!
The orc priest mumbles some strange prayers to Beogh against you.
Beogh smites you!
You die...

#.# #.# #)................
#.# #.# #...........######
#.# #.# #.....>.....#.....
#.####'####
#...........#.####
##.........#
#...........#.....
..oo.o.....+
+...........#.....
...........#
#....####'#.'.....
...........#
###.<..##.....#[....
...........#
#..@...##.....#.....
..#........#
#......##...........
..#..>.....#
#...#+###...........
..#........#
#...#.##.......#####
..#........###...#.##.......#
........')o.....##.†.....#
.......o##########.......#
..........oo.# #.......#
####.#######.# #.......#


You could see an orc priest.

Vanquished Creatures
  An adder (D:3)
  2 worms (D:2)
  4 dart slugs
  A ball python (D:3)
  4 bats
  2 giant cockroaches (D:1)
  9 goblins
  4 hobgoblins
  3 jackals (D:3)
  A quokka (D:3)
  3 frilled lizards
  12 kobolds
  3 rats
49 creatures vanquished.

Vanquished Creatures (others)
  An orc wizard (D:3)
1 creature vanquished.

Grand Total: 50 creatures vanquished

Notes
Turn   | Place    | Note
-------+----------+-------------------------------------------
     0 | D:1      | marklar909 the Draconian Transmuter began the quest for the
                  | Orb.
     0 | D:1      | Reached XP level 1. HP: 16/16 MP: 3/3
   386 | D:1      | Reached XP level 2. HP: 23/23 MP: 3/5
   397 | D:1      | Learned a level 2 spell: Wereblood
   794 | D:1      | Reached XP level 3. HP: 25/28 MP: 3/6
   798 | D:1      | Learned a level 3 spell: Spider Form
  1056 | D:2      | Found an opulent altar of Gozag.
  1647 | D:2      | Found a glowing golden altar of the Shining One.
  3064 | D:3      | Reached XP level 4. HP: 31/35 MP: 4/8
  3189 | D:3      | Killed from afar by an orc priest

Illustrated notes

Levels and vault maps discovered:
D:1:      co_arrival_square_in_a_square_in_a_square, layout_basic,
          minmay_tromino_v7
D:2:      layout_basic, old_standard_altar, old_standard_altar
D:3:      layout_basic

Skill      XL: |  1  2  3 |
---------------+----------+-----
Dodging        | 2 |  2.3
Fighting       | |  1.4
Stealth        | |  0.2
Shields        | |  0.6
Unarmed Combat | |  3.6
Spellcasting   | |  2.7
Transmutations | |  2.9

Action                   |  1- 3 |  4- 6 || total
-------------------------+-------+-------++-------
Melee: Unarmed           |   150 |    15 ||   165
       Kick              |    29 |     2 ||    31
       Tailslap          |     9 |     4 ||    13
       Headbutt          |    14 |     2 ||    16
       Punch             |     1 |     1 ||     2
 Cast: Beastly Appendage |    34 |     2 ||    36
       Wereblood         |    21 |     1 ||    22
Armor: Skin              |    37 |     3 ||    40
Dodge: Dodged            |    82 |     2 ||    84

Table legend: (Time is in decaauts)
 A = Elapsed time spent in this place.
 B = Non-inter-level travel time spent in this place.
 C = Inter-level travel time spent in this place.
 D = Time resting spent in this place.
 E = Time spent auto-exploring this place.
 F = Levels seen in this place.
 G = Mean time per level.
                   A        B        C        D        E       F      G
               +--------+--------+--------+--------+--------+-----+--------+
         Total |   3178 |   3055 |    123 |    156 |   2467 |   3 | 1059.3 |
       Dungeon |   3178 |   3055 |    123 |    156 |   2467 |   3 | 1059.3 |
               +--------+--------+--------+--------+--------+-----+--------+

Top non-repeatable levels by time:
     D:2: 1309 daAuts
     D:1: 987 daAuts
     D:3: 882 daAuts
